 Dungeon Crawl Stone Soup version 0.19.4-8-ga85b6b9 (webtiles) character file.

27017 Griselidis the Basher (level 13, 0/116 HPs)
             Began as a Mottled Draconian Berserker on Feb 15, 2017.
             Was a Priest of Trog.
             Shot with an arrow by Nessos (13 damage)
             ... on level 2 of the Orcish Mines.
             The game lasted 00:44:22 (10773 turns).

Griselidis the Basher (DrBe)                       Turns: 10773, Time: 00:44:23

Health: 0/116      AC: 13    Str: 21    XL:     13   Next: 2%
Magic:  13/13      EV: 19    Int:  7    God:    Trog [***...]
Gold:   1227       SH:  5    Dex: 15    Spells: 0 memorised, 12 levels left

rFire  . . .     SeeInvis .     m - +2 whip (freeze)
rCold  . . .     Gourm    .     (armour unavailable)
rNeg   + . .     Faith    .     K - +0 buckler
rPois  .         Spirit   .     (helmet restricted)
rElec  .         Reflect  .     F - +1 cloak
rCorr  .         Harm     .     A - +2 pair of gloves
MR     .....                    (no boots)
Stlth  +.........               (no amulet)
                                o - ring of positive energy
                                n - ring of flight

@: exhausted, short of breath, slowed, very slow
A: breathe sticky flame splash, unfitting armour, cold-blooded, AC +8
a: Breathe Sticky Flame, Berserk, Trog's Hand, Burn Spellbooks, Renounce
Religion, Evoke Flight


You were on level 2 of the Orcish Mines.
You worshipped Trog.
Trog was most pleased with you.
You were hungry.

You visited 2 branches of the dungeon, and saw 13 of its levels.
You also visited: Bailey.

You collected 1311 gold pieces.
You spent 84 gold pieces at shops.

Inventory:

Hand Weapons
 m - a +2 whip of freezing (weapon)
Missiles
 i - 6 needles of confusion
Armour
 A - a +2 pair of gloves (worn)
 F - a +1 cloak (worn)
 K - a +0 buckler (worn)
Jewellery
 n - a ring of flight (left hand)
 o - a ring of positive energy (right hand)
 t - an uncursed ring of wizardry {unknown}
 u - an uncursed amulet of magic regeneration {unknown}
 D - a +3 amulet of reflection {unknown}
 N - an uncursed ring of protection from fire {unknown}
Wands
 y - a wand of random effects (25/48)
 z - a wand of slowing (15/48)
 J - a wand of digging (0/24)
 M - a wand of teleportation (4/9)
Scrolls
 c - a scroll of immolation {unknown}
 h - a scroll of enchant armour
 l - 2 scrolls of amnesia
 p - 3 scrolls of fog {unknown}
 v - 3 scrolls of remove curse
 w - a scroll of blinking {unknown}
 C - 2 scrolls of teleportation {unknown}
 G - 3 scrolls of recharging {unknown}
 H - a scroll of magic mapping
Potions
 d - a potion of flight
 e - 2 potions of resistance
 k - 3 potions of curing
 r - a potion of cure mutation
 s - 2 potions of mutation
 B - 2 potions of lignification
Books
 a - a book of Changes

   Spells                             Type                      Level
   a - Beastly Appendage              Transmutation                1
   b - Sticks to Snakes               Transmutation                2
   c - Spider Form                    Transmutation/Poison         3
   d - Ice Form                       Ice/Transmutation            4
   e - Blade Hands                    Transmutation                5
   Trog disapproves of the use of such an item.
 q - a Necronomicon

   Spells                             Type                      Level
   a - Haunt                          Necromancy/Summoning         7
   b - Borgnjor's Revivification      Necromancy                   8
   c - Death's Door                   Charms/Necromancy            8
   d - Infestation                    Necromancy                   8
   e - Necromutation                  Transmutation/Necromancy     8
   Trog disapproves of the use of such an item.
 E - a book of Air

   Spells                             Type                      Level
   a - Shock                          Conjuration/Air              1
   b - Swiftness                      Charms/Air                   2
   c - Repel Missiles                 Charms/Air                   2
   d - Static Discharge               Conjuration/Air              3
   e - Lightning Bolt                 Conjuration/Air              5
   Trog disapproves of the use of such an item.
Comestibles
 b - 9 bread rations
 g - 6 meat rations


   Skills:
 + Level 11.1 Fighting
 + Level 14.8 Maces & Flails
 + Level 9.6 Dodging
 + Level 5.8 Shields


You had 12 spell levels left.
You didn't know any spells.

Dungeon Overview and Level Annotations

Branches:
Dungeon (11/15)            Temple (0/1) D:4            Lair (0/6) D:10
    Orc (2/2) D:9
    Elf: Orc:2

Altars:
Cheibriados
Elyvilon
Hepliaklqana
Makhleb
Nemelex Xobeh
Ru
Trog
Vehumet
Xom
Zin

Shops:
D:7 *(:[   D:10 =   Orc:1 }

Annotations:
D:6 Dowan, Duvessa
D:11 Fannar
Orc:2 exclusion: upstairs, Nessos


Innate Abilities, Weirdness & Mutations

You can spit globs of burning liquid.
You can ignite nearby creatures when you spit burning liquid.
Your weird mottled scales are hard. (AC +8)
You cannot fit into any form of body armour.
You are cold-blooded and may be slowed by cold attacks.


Message History

You are no longer berserk.
You are exhausted.
You feel yourself slow down.
You feel sick.
Nessos shoots an arrow.
The arrow hits you!!
* * * LOW HITPOINT WARNING * * *
The arrow burns you.
You are more poisoned.
* * * LOW HITPOINT WARNING * * *
Zapping:
J - a wand of digging (will waste charges)
Press: ? - help, Shift-Dir - straight line, p - Nessos The rock shatters into small pieces.
Evoking this partially-identified wand wasted a few charges.
* * * LOW HITPOINT WARNING * * *
You feel extremely sick.
Nessos shoots an arrow.
The arrow hits you but does no damage.
Nessos shoots an arrow.
The arrow closely misses you.
* * * LOW HITPOINT WARNING * * *
You feel extremely sick.
You feel better.
Nessos shoots an arrow.
The arrow hits you!
You die...

###....(..### ##
###((....## #.#
#(.......# #.#
###.......# #.#
##..(......### #.#
###...c(.......#
#.#
#...............
#.##......##.......
#@##.....###(#...#
##((c(....#(....##
###(............#
#............##
##.#(......###
#...#......##
##.#.(......#
##..........##
#...........#.


You could see Nessos.

Vanquished Creatures
  Snorg (D:11)
  The ghost of aty692 the Carver, a novice HOFi of Gozag (D:9)
  The ghost of antares the Spear-Bearer, a novice MfGl of Okawaru (D:6)
  Pikel (D:7)
  2 orc sorcerers (Orc:1)
  A centaur zombie (D:10)
  Maurice (D:8)
  Psyche (D:9)
  2 trolls
  A two-headed ogre (D:9)
  A hippogriff (D:9)
  6 yaks (D:10)
  A hungry ghost (D:7)
  2 vampire mosquitoes (D:10)
  The ghost of usscaptain the Cutter, an amateur HaAs (D:4)
  A warg (Orc:2)
  A phantom (D:10)
  A hell hound (D:10)
  2 ice beasts
  9 orc warriors
  2 black bears
  6 ogres
  5 centaurs
  A big kobold (D:10)
  5 bullfrogs
  A wyvern skeleton (D:9)
  6 scorpions
  A killer bee (D:10)
  3 wights (D:10)
  5 howler monkeys
  6 crimson imps
  4 hounds
  9 orc wizards
  2 jellies (D:10)
  A bullfrog skeleton (D:8)
  A centaur skeleton (D:11)
  10 orc priests
  2 bullfrog zombies
  2 iguanas
  8 worker ants
  A statue (D:9)
  A hound zombie (D:6)
  A hound skeleton (D:7)
  A worker ant zombie (D:6)
  A howler monkey skeleton (D:5)
  2 gnolls
  8 adders
  An ooze (D:5)
  2 adder skeletons
  An adder zombie (D:6)
  4 worms
  3 leopard geckos
  37 orcs
  4 ball pythons
  7 giant cockroaches
  14 hobgoblins
  9 jackals
  20 kobolds
  4 quokkas
  8 bats
  3 frilled lizards
  7 goblins
  A jackal skeleton (D:5)
  A quokka zombie (D:8)
  8 rats
266 creatures vanquished.

Vanquished Creatures (collateral kills)
  A cyclops (Orc:1)
  3 orc warriors
  An ogre (Orc:1)
  An orc priest (Orc:1)
  An orc wizard (Orc:1)
  4 orcs (Orc:1)
  A goblin (Bailey)
12 creatures vanquished.

Vanquished Creatures (others)
  A wizard (D:6)
  A slave (D:10)
  A bullfrog (D:7)
  A bullfrog zombie (D:7)
  A giant cockroach (D:7)
  A kobold (D:10)
6 creatures vanquished.

Grand Total: 284 creatures vanquished

Notes
Turn   | Place    | Note
-------+----------+-------------------------------------------
     0 | D:1      | Griselidis the Draconian Berserker began the quest for the Orb.
     0 | D:1      | Reached XP level 1. HP: 19/19 MP: 1/1
   139 | D:1      | Reached XP level 2. HP: 21/26 MP: 2/2
   817 | D:2      | Reached ** piety under Trog
   817 | D:2      | Reached XP level 3. HP: 29/33 MP: 3/3
  1144 | D:2      | Found a glowing silver altar of Zin.
  1505 | D:3      | Found a snail-covered altar of Cheibriados.
  1532 | D:3      | Reached XP level 4. HP: 40/40 MP: 4/4
  1801 | D:3      | Reached skill level 4 in Maces & Flails
  1859 | D:3      | Found a radiant altar of Vehumet.
  2080 | D:4      | Noticed usscaptain's ghost (amateur HaAs)
  2318 | D:4      | Killed usscaptain's ghost
  2318 | D:4      | Reached XP level 5. HP: 47/47 MP: 5/5
  2379 | D:4      | Noticed an ogre
  2392 | D:4      | Killed an ogre
  2392 | D:4      | Reached skill level 5 in Fighting
  2392 | D:4      | Reached XP level 6. HP: 56/56 MP: 6/6
  2596 | D:4      | Found a staircase to the Ecumenical Temple.
  2606 | D:4      | Reached *** piety under Trog
  2640 | D:4      | Reached skill level 5 in Maces & Flails
  2936 | D:4      | Your scales start taking on a weird mottled colour.
  2936 | D:4      | Reached XP level 7. HP: 58/61 MP: 7/7
  3371 | D:5      | Entered Level 5 of the Dungeon
  3390 | D:5      | Reached skill level 5 in Dodging
  3907 | D:5      | Reached skill level 6 in Maces & Flails
  3980 | D:5      | Reached XP level 8. HP: 47/71 MP: 8/8
  4250 | D:6      | Found a bloodstained altar of Trog.
  4251 | D:6      | Noticed a wizard
  4257 | D:6      | Killed a wizard
  4358 | D:6      | Found a sacrificial altar of Ru.
  4611 | D:6      | Noticed antares's ghost (novice MfGl)
  4643 | D:6      | Killed antares's ghost
  4643 | D:6      | Reached skill level 7 in Maces & Flails
  4832 | D:6      | Found a white marble altar of Elyvilon.
  4856 | D:6      | Reached XP level 9. HP: 68/81 MP: 9/9
  5270 | D:7      | Reached **** piety under Trog
  5277 | D:7      | Noticed Duvessa
  5281 | D:7      | Noticed Dowan
  5300 | D:7      | Noticed Pikel
  5317 | D:7      | Killed Pikel
  5317 | D:7      | Reached skill level 8 in Maces & Flails
  5318 | D:7      | Received a gift from Trog
  5428 | D:7      | Found a hazy altar of Hepliaklqana.
  5471 | D:7      | Found Alenuynt's Armour Shoppe.
  5490 | D:7      | Found Zistruut's Weapon Shop.
  5522 | D:7      | Found a burning altar of Makhleb.
  5558 | D:7      | Found Ezuijas's Assorted Antiques.
  5590 | D:7      | Bought a scroll labeled HITHIG UCHACO for 28 gold pieces
  5590 | D:7      | Bought a scroll labeled ODWUNA GOQEN for 28 gold pieces
  5590 | D:7      | Bought a scroll labeled DYOGHOJIOR for 28 gold pieces
  5760 | D:7      | Found Wida Laure's Book Shop.
  6044 | D:8      | Found a flagged portal.
  6091 | Bailey   | Entered a bailey
  6558 | D:8      | Noticed Maurice
  6569 | D:8      | Killed Maurice
  6569 | D:8      | Reached skill level 9 in Maces & Flails
  6569 | D:8      | Reached XP level 10. HP: 83/92 MP: 10/10
  6678 | D:8      | Reached skill level 13 in Maces & Flails
  6678 | D:8      | Reached XP level 11. HP: 99/99 MP: 11/11
  6866 | D:8      | Found a shimmering altar of Xom.
  6974 | D:9      | Noticed aty692's ghost (novice HOFi)
  7002 | D:9      | Killed aty692's ghost
  7105 | D:9      | Noticed Psyche
  7118 | D:9      | Killed Psyche
  7118 | D:9      | Received a gift from Trog
  7172 | D:9      | Reached skill level 10 in Fighting
  7324 | D:9      | Found a faded altar of an unknown god.
  7324 | D:9      | Found a faded altar of an unknown god.
  7331 | D:9      | Found a faded altar of an unknown god.
  7334 | D:9      | Found a sparkling altar of Nemelex Xobeh.
  7336 | D:9      | Found a faded altar of an unknown god.
  7548 | D:9      | Found a staircase to the Orcish Mines.
  7564 | D:9      | Found a radiant altar of Vehumet.
  7762 | D:10     | Entered Level 10 of the Dungeon
  7822 | D:10     | Found Govuare's Jewellery Boutique.
  7889 | D:10     | Reached skill level 1 in Shields
  8332 | D:11     | Noticed Snorg
  8356 | D:11     | Killed Snorg
  8682 | D:11     | Noticed Fannar
  8910 | D:10     | Found a staircase to the Lair.
  9365 | D:10     | HP: 5/101 [something (7)]
  9455 | Orc:1    | Entered Level 1 of the Orcish Mines
  9455 | Orc:1    | Noticed an orc sorcerer
  9470 | Orc:1    | Killed an orc sorcerer
  9684 | Orc:1    | Found Wekes's Gadget Shop.
  9956 | Orc:2    | Entered Level 2 of the Orcish Mines
 10034 | Orc:1    | Noticed an orc warlord
 10224 | Orc:2    | Noticed Nessos
 10247 | Orc:2    | Noticed an orc sorcerer
 10260 | Orc:1    | Reached skill level 14 in Maces & Flails
 10260 | Orc:1    | Reached skill level 5 in Shields
 10260 | Orc:1    | Reached XP level 12. HP: 29/110 MP: 12/12
 10288 | Orc:1    | Reached XP level 13. HP: 37/116 MP: 13/13
 10773 | Orc:2    | Shot with an arrow by Nessos

Skill      XL: |  1  2  3  4  5  6  7  8  9 10 11 |
---------------+----------------------------------+-----
Dodging        | 3 4 5 7 8 9 |  9.6
Fighting       | 4 5 6 7 9 11 | 11.1
Maces & Flails | 4 5 6 7 9 13 14 | 14.8
Shields        | 5 |  5.8

Action                   |  1- 3 |  4- 6 |  7- 9 | 10-12 | 13-15 || total
-------------------------+-------+-------+-------+-------+-------++-------
Melee: Mace              |   133 |   100 |   350 |       |       ||   583
       Tailslap          |     8 |    19 |    77 |   113 |     5 ||   222
       Whip              |       |       |   112 |   523 |    16 ||   651
Invok: Berserk           |       |     4 |     8 |     4 |     1 ||    17
       Trog's Hand       |       |       |     7 |     9 |     1 ||    17
       Brothers in Arms  |       |       |     1 |     3 |     1 ||     5
 Abil: Breathe Sticky Fl |       |       |     2 |     7 |     1 ||    10
Evoke: Wand              |       |       |       |     1 |     1 ||     2
  Use: Scroll            |       |       |     9 |     7 |       ||    16
       Potion            |       |       |     2 |     3 |     2 ||     7
 Stab: Sleeping          |       |     1 |     1 |       |       ||     2
  Eat: Chunk             |     2 |     8 |    19 |    17 |     2 ||    48
       Royal jelly       |       |       |     1 |     1 |     1 ||     3
       Beef jerky        |       |       |     1 |     1 |       ||     2
       Pizza             |       |       |     1 |       |       ||     1
Armor: Skin              |    59 |    26 |   158 |   105 |     3 ||   351
Dodge: Dodged            |   106 |    59 |   436 |   234 |    16 ||   851
Block: Buckler           |       |       |       |    48 |     6 ||    54
